 Dungeon Crawl Stone Soup version 0.24.0-123-gd5b16e6ec5 (webtiles) character file.

Game seed: 6510586992489712884, levelgen mode: deterministic

126 Freitmort the Conjurer (level 4, -3/24 HPs)
             Began as a Deep Elf Conjurer on Feb 4, 2020.
             Blown up by Ijyb (27 damage)
             ... with a disintegration bolt
             ... on level 4 of the Dungeon.
             The game lasted 00:12:23 (2582 turns).

Freitmort the Conjurer (Deep Elf Conjurer)          Turns: 2582, Time: 00:12:23

Health: -3/24      AC:  3    Str:  6    XL:     4   Next: 84%
Magic:  16/21      EV: 13    Int: 20    God:
Gold:   108        SH:  0    Dex: 15    Spells: 9/12 levels left

rFire    . . .     SeeInvis .   g - +3 short sword (drain)
rCold    . . .     Gourm    .   (no shield)
rNeg     . . .     Faith    .   a - +1 robe
rPois    .         Spirit   .   (no helmet)
rElec    .         Reflect  .   (no cloak)
rCorr    .         Harm     .   (no gloves)
MR       .....                  (no boots)
Stlth    ++........             (no amulet)
HPRegen  0.08/turn              i - ring of magical power
MPRegen  0.17/turn              (no ring)

@: no status effects
A: no striking features
a: no special abilities


You were on level 4 of the Dungeon.
You were hungry.

You visited 1 branch of the dungeon, and saw 4 of its levels.

You collected 108 gold pieces.

Inventory:

Hand Weapons
 g - a +3 short sword of draining (weapon)
Armour
 a - a +1 robe (worn)
Jewellery
 i - a ring of magical power (left hand)
Scrolls
 b - a scroll of fog
 h - 3 scrolls of identify
 j - a scroll of remove curse
Potions
 e - 2 potions of haste
 f - a potion of flight
Comestibles
 c - 9 rations


   Skills:
 + Level 2.9 Dodging
 + Level 2.8 Stealth
 + Level 4.6 Spellcasting
 + Level 5.8 Conjurations


You had 9 spell levels left.
You knew the following spells:

 Your Spells              Type           Power        Failure   Level  Hunger
a - Magic Dart            Conj           ####         1%          1    None
b - Searing Ray           Conj           ####..       1%          2    #......

Your spell library contained the following spells:

 Spells                   Type           Power        Failure   Level  Hunger
 Dazzling Spray           Conj/Hex       ###...       11%         3    ##.....
 Iskenderun's Mystic Bla  Conj           ####....     11%         4    ####...
 Beastly Appendage        Tmut           #.....       12%         1    None
 Sticks to Snakes         Tmut           #.......     19%         2    #......
 Force Lance              Conj/Tloc      ###.....     34%         4    ####...
 Fulminant Prism          Conj/Hex       ###.......   34%         4    ####...
 Spider Form              Tmut/Pois      #.........   36%         3    ##.....
 Ice Form                 Ice/Tmut       #.......     77%         4    ####...
 Blade Hands              Tmut           #.........   98%         5    ######.


Dungeon Overview and Level Annotations

Branches:
Dungeon (4/15)
 Temple: D:4-7

Altars:

Annotations:
D:3 1 runed translucent door, appiemonkey's ghost, amateur OpFi
D:4 Ijyb


Message History

Press: ? - help, Shift-Dir - straight line, f - Ijyb
Aim: Ijyb, wearing a +0 leather armour and carrying a wand of disintegration (15)
The magic dart hits Ijyb.
Ijyb is lightly wounded.
Casting: Magic Dart (safe; 1% risk of failure)
Confirm with . or Enter, or press ? or * to list all spells.
Aiming: Searing Ray (safe; 1% risk of failure)
Press: ? - help, Shift-Dir - straight line, f/p - Ijyb
Aim: Ijyb, wearing a +0 leather armour and carrying a wand of disintegration (15) (lightly wounded)
The searing ray hits Ijyb.
Ijyb is lightly wounded. (Press . to maintain the ray.)
You are feeling hungry.
The searing ray hits Ijyb.
Ijyb is moderately wounded.
The searing ray hits Ijyb!
Ijyb is severely wounded.
Ijyb zaps a wand.
You are blasted!
Ouch! That really hurt!
You die...

..........# ##...###
..........###..#...###
.........###..#......###
.........##..#.........##*
........##..#.........#..***
...........#.....?......#,,******
...........#.......(....#**,,**,*
........................# ***,,,*
###.........#...@.g.....# *,*,,
##........###.........# *****
#........# ##........# *
######...# ########## #####


You could see Ijyb.

Vanquished Creatures
  A hound (D:4)
  A hound skeleton (D:4)
  A howler monkey skeleton (D:4)
  2 adders (D:3)
  2 oozes
  3 worms (D:3)
  4 giant cockroaches
  7 goblins
  4 hobgoblins
  2 jackals (D:4)
  A quokka (D:3)
  A bat (D:1)
  4 frilled lizards
  4 kobolds
  8 rats
45 creatures vanquished.

Notes
Turn   | Place    | Note
-------+----------+-------------------------------------------
     0 | D:1      | Freitmort the Deep Elf Conjurer began the quest for the
                  | Orb.
     0 | D:1      | Reached XP level 1. HP: 10/10 MP: 6/6
   288 | D:1      | Reached XP level 2. HP: 15/15 MP: 4/8
   292 | D:1      | Learned a level 2 spell: Searing Ray
   521 | D:1      | Reached skill level 5 in Conjurations
  1038 | D:2      | Reached XP level 3. HP: 19/19 MP: 6/9
  1964 | D:3      | Reached XP level 4. HP: 24/24 MP: 12/12
  2051 | D:3      | Found a runed translucent door.
  2051 | D:3      | Noticed appiemonkey's ghost (amateur OpFi)
  2576 | D:4      | Noticed Ijyb
  2582 | D:4      | Blown up by Ijyb

Levels and vault maps discovered:
D:1:      mainiacjoe_arrival_reflecting_pool, layout_loops_ring, serial_glass,
          glass_columns_b, glass_columns_c, feat_on_display,
          minmay_strange_pillars
D:2:      layout_loops_ring, first_ration
D:3:      layout_rooms, ebering_ghost_reflecting_pool
D:4:      layout_cave_pods, grunt_decor_arrowhead, kennysheep_windowed_goal,
          uniq_ijyb

Skill      XL: |  1  2  3 |
---------------+----------+-----
Conjurations   | 5 |  5.8
Spellcasting   | 4 |  4.6
Dodging        | |  2.9
Stealth        | |  2.8

Action                   |  1- 3 |  4- 6 || total
-------------------------+-------+-------++-------
 Cast: Magic Dart        |    81 |    26 ||   107
       Searing Ray       |     1 |     2 ||     3
  Use: Scroll            |    10 |     1 ||    11
  Eat: Ration            |     1 |       ||     1
       Chunk             |       |     1 ||     1
Armor: Robe              |     1 |     1 ||     2
Dodge: Dodged            |     3 |     1 ||     4
